 Dungeon Crawl Stone Soup version 0.30-a0-4-ga7cffc901d (webtiles) character file.

Game seed: 7652106680800363753

746 SensoryNuts the Chopper (level 7, -1/66 HPs)
             Began as a Gargoyle Fighter on Aug 21, 2022.
             Was an Initiate of Gozag.
             Slain by a gnoll
             ... wielding a +0 spear
             ... led by a gnoll sergeant
              (3 damage)
             ... on level 5 of the Dungeon.
             The game lasted 00:04:40 (4390 turns).

SensoryNuts the Chopper (Gargoyle Fighter)          Turns: 4390, Time: 00:04:43

Health: -1/66      AC: 13    Str: 21    XL:     7   Next: 77%
Magic:  7/7        EV:  9    Int:  9    God:    Gozag
Gold:   225        SH:  4    Dex:  9    Spells: 6/6 levels left

rFire   + . .      SeeInvis .    a - +0 war axe
rCold   + . .      Faith    .    c - +0 buckler
rNeg    + . .      Spirit   .    b - +0 scale mail
rPois   ∞          Reflect  .    i - +0 helmet
rElec   +          Harm     .    (no cloak)
rCorr   +          Rampage  .    (no gloves)
Will    .....                    (no boots)
Stlth   ..........               (no amulet)
HPRegen 0.21/turn                n - ring of flight
MPRegen 0.10/turn                (no ring)

@: mighty, berserking, resistant, gold aura, attractive, flying, very quick
A: sickness immunity, AC +4, negative energy resistance 1, electricity
resistance, torment resistance 1, petrification resistance
a: Renounce Religion, Potion Petition, Call Merchant, Bribe Branch


You were on level 5 of the Dungeon.
You worshipped Gozag.
Gozag was aware of your devotion.
You visited 2 branches of the dungeon, and saw 6 of its levels.

You collected 282 gold pieces.
You paid 57 gold pieces to Gozag.

Inventory:

Hand Weapons
 a - a +0 war axe (weapon)
Armour
 b - a +0 scale mail (worn)
 c - a +0 buckler (worn)
 i - a +0 helmet (worn)
Jewellery
 m - a ring of positive energy
 n - a ring of flight (left hand)
 t - a +6 ring of strength
Wands
 p - a wand of acid (9)
Scrolls
 f - 2 scrolls of fear
 g - 3 scrolls of noise
 h - a scroll of vulnerability
 j - 4 scrolls of identify
 k - a scroll of enchant armour
 q - a scroll of poison {unknown}
 r - 4 scrolls of teleportation
Potions
 d - a potion of might
 o - a potion of resistance
 s - a potion of brilliance {unknown}
 u - a potion of attraction


   Skills:
 + Level 4.5 Fighting
 + Level 5.5 Axes
 + Level 5.1 Armour
 + Level 1.3 Dodging
 + Level 1.1 Stealth
 + Level 4.5 Shields


You had 6 spell levels left.
You didn't know any spells.
Your spell library contained the following spells:

 Spells                   Type           Power      Damage    Failure   Level
 Dazzling Flash           Conj/Hex       0%         N/A       99%         3
 Agony                    Necr           0%         N/A       100%        5
 Silence                  Hex/Air        0%         N/A       100%        5


Dungeon Overview and Level Annotations

Branches:
Dungeon (5/15)             Temple (1/1) D:4

Altars:
Ashenzari
Cheibriados
Dithmenos
Elyvilon
Fedhas
Gozag
Kikubaaqudgha
Makhleb
Nemelex Xobeh
Qazlal
Ru
Sif Muna
Trog
Uskayaw
Vehumet
Wu Jian
The Shining One

Annotations:
D:5 1 transporter, Newt's ghost, novice KoAM


Innate Abilities, Weirdness & Mutations

You are immune to sickness and miasma.
Your stone body is resilient. (AC +4)
You are immune to poison.
You resist negative energy. (rN+)
You are resistant to electric shocks. (rElec)
You are resistant to unholy torment.
You are immune to petrification.


Message History

You feel very mighty all of a sudden.
The gnoll sergeant is no longer distracted by gold.
The gnoll is no longer distracted by gold.
The gnoll hits you but does no damage.
The gnoll sergeant hits you but does no damage.
The gnoll sergeant attacks as you move away!
The gnoll sergeant completely misses you.
The gnoll hits you but does no damage. The gnoll sergeant closely misses you.
The gnoll sergeant is attracted toward you.
The adder is attracted toward you.
Things that are here:
4 gold pieces; a +0 falchion; a +0 leather armour The gnoll shouts!
You slash the gnoll sergeant!
You kill the gnoll sergeant!
The gnoll is no longer distracted by gold.
You block the gnoll's attack. The adder closely misses you.
The gnoll is attracted toward you.
You closely miss the adder. You block the gnoll's attack.
The gnoll barely misses you. The adder bites you.
* * * LOW HITPOINT WARNING * * *
The gnoll hits you but does no damage.
The gnoll hits you from afar with a +0 spear.
* * * LOW HITPOINT WARNING * * *
The adder closely misses you.
It was a potion of flight.
You feel more buoyant. The adder bites you but does no damage.
The gnoll hits you from afar with a +0 halberd.
* * * LOW HITPOINT WARNING * * *
The gnoll hits you but does no damage.
It was a potion of berserk rage.
A red film seems to cover your vision as you go berserk!
You feel yourself moving faster!
You feel mighty! The adder bites you but does no damage.
The gnoll hits you from afar with a +0 halberd.
* * * LOW HITPOINT WARNING * * *
The gnoll hits you from afar with a +0 spear.
You die...
Your body crumbles into a pile of gold.

$ ## ############## ..
.............###.##.##
...............>.#§..
##...).....#..#..#..#
#+####..#.#.....#..#
#..#.#.##.##g§#
#..#.#.#...Sg.#
..##....#.#..@#.##
©.........#.##..#.#
#######.........#.# $
###..#.##.##(# $
#W###.#.##.##.#
#yy##.#.##..... . .yy#
#.#.##..... .# ###
....##..?. .. #..
#...##.....


You could see 2 gnolls and an adder.

Vanquished Creatures
  Sigmund (D:3)
  A black bear (D:4)
  A phantom (D:5)
  A scorpion (D:5)
  A gnoll sergeant (D:5)
  A howler monkey (D:4)
  A jelly (D:5)
  2 iguanas
  A gnoll (D:5)
  5 adders
  A white imp (D:3)
  An ufetubus (D:5)
  5 dart slugs
  4 worms
  11 orcs
  7 endoplasms
  3 giant cockroaches
  7 goblins
  6 hobgoblins
  11 jackals
  A quokka (D:3)
  14 ball pythons
  4 bats
  5 frilled lizards
  8 kobolds
  3 rats (D:3)
106 creatures vanquished.

Vanquished Creatures (others)
  A plant (D:2)
1 creature vanquished.

Grand Total: 107 creatures vanquished

Notes
Turn   | Place    | Note
-------+----------+-------------------------------------------
     0 | D:1      | SensoryNuts the Gargoyle Fighter began the quest for the
                  | Orb.
     0 | D:1      | Reached XP level 1. HP: 14/14 MP: 1/1
    34 | D:1      | Found a faded altar of an unknown god.
   201 | D:1      | Reached XP level 2. HP: 19/19 MP: 2/2
   522 | D:1      | Reached XP level 3. HP: 21/23 MP: 3/3
  1185 | D:2      | Reached XP level 4. HP: 26/29 MP: 4/4
  1986 | D:3      | Noticed Sigmund
  2000 | D:3      | Killed Sigmund
  2001 | D:3      | Reached XP level 5. HP: 31/33 MP: 5/5
  2001 | D:3      | Reached XP level 6. HP: 36/38 MP: 6/6
  3404 | D:4      | Found a staircase to the Ecumenical Temple.
  3536 | D:4      | Noticed a black bear
  3541 | D:4      | Killed a black bear
  3542 | D:4      | Reached skill level 1 in Dodging
  3542 | D:4      | Reached XP level 7. HP: 41/44 MP: 7/7
  3631 | Temple   | Entered the Ecumenical Temple
  3762 | Temple   | Became a worshipper of Gozag Ym Sagoz the Greedy
  3875 | D:5      | Entered Level 5 of the Dungeon
  3925 | D:5      | Reached skill level 1 in Stealth
  4052 | D:5      | Reached skill level 5 in Axes
  4070 | D:5      | Reached skill level 5 in Armour
  4263 | D:5      | Noticed a hornet
  4358 | D:5      | Found a transporter.
  4359 | D:5      | Noticed Newt's ghost (novice KoAM)
  4379 | D:5      | Identified the +5 whip "Tiseuw" {vorpal, rPois Int+2}
  4389 | D:5      | HP: 2/44 [gnoll/+0 halberd[a gnoll sergeant] (5)]
  4390 | D:5      | Slain by a gnoll

Illustrated notes

Levels and vault maps discovered:
D:1:      dpeg_arrival_pits, layout_loops_ring,
          hellmonk_ecumenical_altar_blasted
D:2:      layout_basic, minmay_shallow_snake_nest
D:3:      layout_basic, minmay_pentangle, uniq_sigmund
D:4:      black_bear_nest_2, layout_cave_pools, minmay_temple_entry_fiery
D:5:      layout_basic, nicolae_hepliaklqana_hazy_memory, gammafunk_ghost_hive
Temple:   minmay_crystal_spiral_temple

Skill      XL: |  1  2  3  4  5  6  7 |
---------------+----------------------+-----
Axes           | 2 4 5 |  5.5
Fighting       | 4 |  4.5
Armour         | 4 5 |  5.1
Shields        | 4 |  4.5
Dodging        | 1 |  1.3
Stealth        | 1 |  1.1

Action                   |  1- 3 |  4- 6 |  7- 9 || total
-------------------------+-------+-------+-------++-------
Melee: War axe           |   100 |   134 |    73 ||   307
  Use: Scroll            |       |     5 |       ||     5
       Potion            |       |     3 |     5 ||     8
Armor: Scale mail        |    66 |    67 |    60 ||   193
Dodge: Dodged            |    58 |    69 |    44 ||   171
Block: Buckler           |    26 |    29 |    20 ||    75

Table legend: (Time is in decaauts)
 A = Elapsed time spent in this place.
 B = Non-inter-level travel time spent in this place.
 C = Inter-level travel time spent in this place.
 D = Time resting spent in this place.
 E = Time spent auto-exploring this place.
 F = Levels seen in this place.
 G = Mean time per level.
                   A        B        C        D        E       F      G
               +--------+--------+--------+--------+--------+-----+--------+
         Total |   4500 |   4234 |    266 |      0 |   3420 |   6 |  750.0 |
       Dungeon |   4284 |   4105 |    179 |      0 |   3309 |   5 |  856.8 |
        Temple |    215 |    128 |     87 |      0 |    111 |   1 |  215.0 |
               +--------+--------+--------+--------+--------+-----+--------+

Top non-repeatable levels by time:
     D:3: 1061 daAuts
     D:1: 1021 daAuts
     D:2: 869 daAuts
     D:4: 798 daAuts
     D:5: 535 daAuts
  Temple: 215 daAuts
